 Dungeon Crawl Stone Soup version 0.27.1-4-g1640c2035a (webtiles) character file.

Game seed: 5585948837107356365

115 iamoutofideas the Grasshopper (level 5, -2/43 HPs)
             Began as a Gnoll Warper on Nov 10, 2021.
             Slain by a gnoll sergeant (10 damage)
             ... on level 3 of the Dungeon.
             The game lasted 00:04:30 (4833 turns).

iamoutofideas the Grasshopper (Gnoll Warper)        Turns: 4833, Time: 00:04:31

Health: -2/43      AC:  6    Str: 11    XL:     5   Next: 0%
Magic:  12/12      EV: 10    Int: 13    God:
Gold:   145        SH:  0    Dex: 11    Spells: 7/14 levels left

rFire    . . .     SeeInvis .   q - +2 hand axe (vorpal)
rCold    . . .     Faith    .   (no shield)
rNeg     . . .     Spirit   .   r - +0 scale mail
rPois    .         Reflect  .   (no helmet)
rElec    .         Harm     .   (no cloak)
rCorr    .         Rampage  .   (no gloves)
Will     .....                  (no boots)
Stlth    ..........             (no amulet)
HPRegen  0.14/turn              (no ring)
MPRegen  0.13/turn              (no ring)

@: no status effects
A: fangs 1, strong nose, distributed training
a: no special abilities


You were on level 3 of the Dungeon.
You visited 1 branch of the dungeon, and saw 3 of its levels.

You collected 145 gold pieces.

Inventory:

Hand Weapons
 a - a +0 hand axe
 k - a +0 hunting sling
 q - a +2 vorpal hand axe (weapon)
Missiles
 d - 5 boomerangs of dispersal (quivered)
 l - 62 stones
Armour
 b - a +0 leather armour
 n - a +0 leather armour
 r - a +0 scale mail (worn)
Wands
 p - a wand of flame (10)
Scrolls
 c - a scroll of blinking
 f - 4 scrolls of identify {unknown}
 j - a scroll of teleportation {unknown}
 m - 3 scrolls of magic mapping {unknown}
Potions
 e - a potion of flight {unknown}
 g - 2 potions of curing {unknown}
 h - a potion of lignification {unknown}
 i - a potion of attraction {unknown}
 o - a potion of heal wounds {unknown}


   Skills:
 + Level 4.7 Fighting
 + Level 1.3 Short Blades
 + Level 1.3 Long Blades
 + Level 4.7 Axes
 + Level 1.3 Maces & Flails
 + Level 1.3 Polearms
 + Level 1.3 Staves
 + Level 1.3 Slings
 + Level 1.3 Bows
 + Level 1.3 Crossbows
 + Level 2.8 Throwing
 + Level 2.8 Armour
 + Level 4.7 Dodging
 + Level 1.3 Stealth
 + Level 1.3 Shields
 + Level 1.3 Unarmed Combat
 + Level 5.1 Spellcasting
 + Level 1.0 Conjurations
 + Level 1.0 Hexes
 + Level 1.0 Summonings
 + Level 1.0 Necromancy
 + Level 5.5 Translocations
 + Level 1.0 Transmutations
 + Level 1.0 Fire Magic
 + Level 1.0 Ice Magic
 + Level 1.0 Air Magic
 + Level 1.0 Earth Magic
 + Level 1.0 Poison Magic
 + Level 1.4 Invocations
 + Level 1.3 Evocations


You had 7 spell levels left.
You knew the following spells:

 Your Spells              Type           Power      Damage    Failure   Level
a - Blink                 Tloc           N/A        N/A       16%         2
b - Teleport Other        Tloc           17%        N/A       32%         3
c - Slow                  Hex            6%         N/A       69%         2

Your spell library contained the following spells:

 Spells                   Type           Power      Damage    Failure   Level
 Gell's Gravitas          Tloc           8%         N/A       32%         3
 Lesser Beckoning         Tloc           8%         N/A       32%         3
 Portal Projectile        Hex/Tloc       22%        N/A       61%         3
 Call Canine Familiar     Summ           6%         N/A       89%         3
 Confusing Touch          Hex            6%         N/A       89%         3
 Manifold Assault         Tloc           17%        N/A       96%         5
 Leda's Liquefaction      Hex/Erth       3%         N/A       100%        4
 Yara's Violent Unravell  Hex/Tmut       3%         3d4       100%        5


Dungeon Overview and Level Annotations

Branches:
Dungeon (3/15)

Altars:


Innate Abilities, Weirdness & Mutations

You have very sharp teeth.
Your uncanny sense of smell can sniff out nearby items.
Your experience applies equally to all skills.


Message History

Things that are here:
a +0 leather armour; a +0 dagger
There is an open door here.
The gnoll hits you from afar with a +0 spear.
There is a stone staircase leading up here.
You climb upwards.
There is a stone staircase leading down here.
You start resting.
HP restored.
You climb downwards.
There is a stone staircase leading up here.
A gnoll sergeant is nearby!
A gnoll sergeant is nearby!
A gnoll sergeant is nearby!
The gnoll sergeant closely misses you.
The gnoll sergeant hits you with a +0 spear.
You hit the gnoll sergeant but do no damage.
The gnoll sergeant hits you with a +0 spear!
You hit the gnoll sergeant.
The gnoll sergeant is lightly wounded.
The gnoll sergeant hits you but does no damage.
The gnoll hits you but does no damage. The gnoll sergeant blocks your attack.
The gnoll sergeant is lightly wounded.
The gnoll sergeant hits you with a +0 spear!
The gnoll hits you but does no damage.
You are too injured to fight recklessly!
You are too injured to fight recklessly!
You hit the gnoll sergeant but do no damage.
The gnoll sergeant is lightly wounded.
The gnoll sergeant barely misses you.
The gnoll hits you from afar with a +0 spear!
The gnoll sergeant misses you.
You slash the gnoll sergeant! Your bite misses the gnoll sergeant.
The gnoll sergeant is heavily wounded.
The gnoll hits you from afar with a +0 spear.
* * * LOW HITPOINT WARNING * * *
The gnoll sergeant barely misses you.
The gnoll sergeant hits you from afar with a +0 spear!
You die...

##g# #......#g# #.# ##.###
##########.########.# .....#
#..g..g....#.....g..# ##.#g#
#.##########.######### ...#.#
#.#..................# ####g#
#.#.########g######.## #.#
#g#.#...#<.#.# #.# #.#
#.#)#.#.##.#.# #.# ####.#
#.#.#....@.#.# #.# .g.g.#
#g#.###g####.# #.#
########.#...g......######.##
.g..g....#####..............#
########## ######.######.##
### ###


You could see a gnoll sergeant and a gnoll.

Vanquished Creatures
  4 gnolls
  2 adders (D:2)
  A dart slug (D:1)
  4 orcs (D:3)
  3 endoplasms
  2 hobgoblins (D:1)
  4 jackals (D:2)
  3 quokkas
  11 ball pythons
  5 bats
  5 frilled lizards
  4 goblins
  6 kobolds
  2 rats (D:2)
56 creatures vanquished.

Notes
Turn   | Place    | Note
-------+----------+-------------------------------------------
     0 | D:1      | iamoutofideas the Gnoll Warper began the quest for the Orb.
     0 | D:1      | Reached XP level 1. HP: 20/20 MP: 6/6
   340 | D:1      | Reached XP level 2. HP: 18/26 MP: 7/7
  1212 | D:2      | Reached XP level 3. HP: 15/31 MP: 9/9
  1372 | D:1      | Learned a level 2 spell: Blink
  1376 | D:1      | Learned a level 3 spell: Teleport Other
  1393 | D:2      | Reached skill level 5 in Spellcasting
  1541 | D:1      | Reached skill level 1 in Invocations
  1888 | D:1      | Reached skill level 1 in Short Blades
  1888 | D:1      | Reached skill level 1 in Long Blades
  1888 | D:1      | Reached skill level 1 in Maces & Flails
  1888 | D:1      | Reached skill level 1 in Polearms
  1888 | D:1      | Reached skill level 1 in Staves
  1888 | D:1      | Reached skill level 1 in Slings
  1888 | D:1      | Reached skill level 1 in Bows
  1888 | D:1      | Reached skill level 1 in Crossbows
  1888 | D:1      | Reached skill level 1 in Stealth
  1888 | D:1      | Reached skill level 1 in Shields
  1888 | D:1      | Reached skill level 1 in Unarmed Combat
  1888 | D:1      | Reached skill level 1 in Evocations
  2403 | D:2      | Reached XP level 4. HP: 35/38 MP: 11/11
  2475 | D:2      | Learned a level 2 spell: Slow
  2792 | D:2      | Reached skill level 1 in Conjurations
  2792 | D:2      | Reached skill level 1 in Hexes
  2792 | D:2      | Reached skill level 1 in Summonings
  2792 | D:2      | Reached skill level 1 in Necromancy
  2792 | D:2      | Reached skill level 1 in Transmutations
  2792 | D:2      | Reached skill level 1 in Fire Magic
  2792 | D:2      | Reached skill level 1 in Ice Magic
  2792 | D:2      | Reached skill level 1 in Air Magic
  2792 | D:2      | Reached skill level 1 in Earth Magic
  2792 | D:2      | Reached skill level 1 in Poison Magic
  3255 | D:3      | Noticed a gnoll sergeant
  3625 | D:3      | Found a faded altar of an unknown god.
  4355 | D:3      | Reached XP level 5. HP: 39/43 MP: 12/12
  4833 | D:3      | Slain by a gnoll sergeant

Illustrated notes

Levels and vault maps discovered:
D:1:      dpeg_arrival_shelter, layout_loops_ring
D:2:      kennysheep_six_static_rooms, layout_basic
D:3:      layout_basic, hellmonk_ecumenical_altar_inner_sanctum, hex_large

Skill      XL: |  1  2  3  4 |
---------------+-------------+-----
Spellcasting   | 5 |  5.1
Invocations    | 1 |  1.4
Short Blades   | 1 |  1.3
Long Blades    | 1 |  1.3
Maces & Flails | 1 |  1.3
Polearms       | 1 |  1.3
Staves         | 1 |  1.3
Slings         | 1 |  1.3
Bows           | 1 |  1.3
Crossbows      | 1 |  1.3
Stealth        | 1 |  1.3
Shields        | 1 |  1.3
Unarmed Combat | 1 |  1.3
Evocations     | 1 |  1.3
Conjurations   | 1 |  1.0
Hexes          | 1 |  1.0
Summonings     | 1 |  1.0
Necromancy     | 1 |  1.0
Transmutations | 1 |  1.0
Fire Magic     | 1 |  1.0
Ice Magic      | 1 |  1.0
Air Magic      | 1 |  1.0
Earth Magic    | 1 |  1.0
Poison Magic   | 1 |  1.0
Fighting       | |  4.7
Axes           | |  4.7
Throwing       | |  2.8
Armour         | |  2.8
Dodging        | |  4.7
Translocations | |  5.5

Action                   |  1- 3 |  4- 6 || total
-------------------------+-------+-------++-------
Melee: Hand axe          |   125 |    90 ||   215
       Bite              |     9 |     8 ||    17
 Fire: Hunting sling     |       |     6 ||     6
Armor: Leather armour    |    33 |    17 ||    50
       Scale mail        |       |     6 ||     6
Dodge: Dodged            |   110 |    65 ||   175
